 Dungeon Crawl Stone Soup version 0.29.1-13-g9f3cf754e1 (webtiles) character file.

Game seed: 8550271923640731445

52 Chiseanne the Chopper (level 3, -5/28 HPs)
             Began as a Demonspawn Wanderer on Jan 30, 2023.
             Slain by a worm (8 damage)
             ... on level 2 of the Dungeon.
             The game lasted 00:02:31 (1857 turns).

Chiseanne the Chopper (Demonspawn Wanderer)         Turns: 1857, Time: 00:02:32

Health: -5/28      AC:  6    Str: 14    XL:     3   Next: 60%
Magic:  3/3        EV: 11    Int: 11    God:
Gold:   130        SH:  0    Dex: 14    Spells: 2/2 levels left

rFire   . . .      SeeInvis .   a - +0 war axe
rCold   . . .      Faith    .   (no shield)
rNeg    . . .      Spirit   .   e - +0 leather armour
rPois   .          Reflect  .   (no helmet)
rElec   .          Harm     .   (no cloak)
rCorr   .          Rampage  .   c - +0 pair of gloves
Will    .....                   (no boots)
Stlth   ++........              (no amulet)
HPRegen 0.09/turn               (no ring)
MPRegen 0.08/turn               (no ring)

@: no status effects
A: yellow scales 1
a: no special abilities


You were on level 2 of the Dungeon.
You visited 1 branch of the dungeon, and saw 2 of its levels.

You collected 130 gold pieces.

Inventory:

Hand Weapons
 a - a +0 war axe (weapon)
 n - a +4 dagger
Missiles
 m - 7 stones (quivered)
 o - 6 boomerangs
Armour
 c - a +0 pair of gloves (worn)
 e - a +0 leather armour (worn)
Magical Staves
 g - a staff of air
Scrolls
 b - a scroll of enchant armour {unknown}
 l - a scroll of immolation
Potions
 d - 4 potions of curing
 f - a potion of resistance {unknown}
 h - a potion of heal wounds {unknown}
 i - a potion of haste


   Skills:
 * Level 2.8 Fighting
 - Level 3.6(3.7) Axes
 - Level 1.0(2.4) Maces & Flails
 * Level 1.9 Armour
 * Level 1.5 Dodging
 - Level 1.7 Stealth


You had 2 spell levels left.
You didn't know any spells.
Your spell library was empty.

Dungeon Overview and Level Annotations

Branches:
Dungeon (2/15)

Altars:


Innate Abilities, Weirdness & Mutations

You are partially covered in yellow scales. (AC +2)


Message History

You are too injured to fight recklessly!
You are too injured to fight recklessly!
You are too injured to fight recklessly!
You are too injured to fight recklessly!
You are too injured to fight recklessly!
You are too injured to fight recklessly!
You are too injured to fight recklessly!
You are too injured to fight recklessly!
You are too injured to fight recklessly!
You are too injured to fight recklessly!
You are too injured to fight recklessly!
You are too injured to fight recklessly!
You are too injured to fight recklessly!
You are too injured to fight recklessly!
You are too injured to fight recklessly!
You are too injured to fight recklessly!
You are too injured to fight recklessly!
You are too injured to fight recklessly!
You are too injured to fight recklessly!
The rat barely misses you. The rat attacks as you move away!
The rat barely misses you.
You slash the rat!
You kill the rat!
The goblin unwields a +0 dagger.
The goblin wields a +0 sling.
The goblin shoots a sling bullet.
The sling bullet barely misses you.
You see here a rat corpse.
You barely miss the worm. Your punch misses the worm.
The worm is lightly wounded.
The worm bites you!
* * * LOW HITPOINT WARNING * * *
You hit the worm.
The worm is lightly wounded.
You hit the goblin.
The goblin unwields a +0 sling.
The goblin wields a +0 dagger.
The goblin hits you but does no damage. The worm closely misses you.
You barely miss the worm. You barely miss the goblin.
The goblin hits you with a +0 dagger.
* * * LOW HITPOINT WARNING * * *
The worm bites you!
You die...

#......... . #........ ..
#....... ...##...... #....
..........# ###...
..........# ###....#
..........# ..#....#
.........g#####.###.#....#
!........w@.......#.#....#
.[.......##.###.#.#.#....##
###......##.....#.#......+.
#####
#......##..####.###....##
....#
#......##................
....#
#......####.###.#########
....# ######## #.#
#.......... ....#
#.############# ....#
#..######


You could see a worm and a goblin.

Vanquished Creatures
  2 adders (D:2)
  3 endoplasms (D:1)
  2 giant cockroaches (D:1)
  2 goblins (D:1)
  2 hobgoblins (D:1)
  6 jackals
  3 ball pythons (D:1)
  3 bats (D:1)
  A frilled lizard (D:1)
  5 kobolds (D:1)
  3 rats
32 creatures vanquished.

Notes
Turn   | Place    | Note
-------+----------+-------------------------------------------
     0 | D:1      | Chiseanne the Demonspawn Wanderer began the quest for the
                  | Orb.
     0 | D:1      | Chiseanne set off with the following items: a +0 war axe, a
                  | +0 mace, a +0 pair of gloves, a potion of curing, a +0
                  | leather armour.
     0 | D:1      | Reached XP level 1. HP: 16/16 MP: 1/1
    38 | D:1      | Gained mutation: You are partially covered in yellow
                  | scales. (AC +2) [demonic ancestry]
    38 | D:1      | Reached XP level 2. HP: 15/22 MP: 2/2
   392 | D:1      | Reached skill level 1 in Dodging
   497 | D:1      | Found a faded altar of an unknown god.
  1020 | D:1      | Reached XP level 3. HP: 27/28 MP: 3/3
  1857 | D:2      | Slain by a worm

Illustrated notes

Levels and vault maps discovered:
D:1:      nicolae_arrival_memento_mori, layout_basic,
          hellmonk_ecumenical_altar_blasted
D:2:      layout_basic

Skill      XL: |  1  2 |
---------------+-------+-----
Dodging        | 1 |  1.5
Fighting       | |  2.8
Axes           | |  3.6
Maces & Flails | |  1.0
Armour         | |  1.9
Stealth        | |  1.7

Action                   || total
-------------------------++-------
Melee: War axe           ||    99
       Punch             ||     1
  Use: Scroll            ||     7
 Stab: Sleeping          ||     2
Armor: Leather armour    ||    40
Dodge: Dodged            ||    67
